 Dungeon Crawl Stone Soup version 0.14.0-15-g6b16f67 (webtiles) character file.

234 Heini the Skirmisher (level 5, -2/47 HPs)
             Began as a Minotaur Fighter on Apr 18, 2014.
             Killed by divine providence
             ... invoked by an orc priest
              (9 damage)
             ... on Level 3 of the Dungeon.
             The game lasted 00:04:16 (1595 turns).

Heini the Skirmisher (Minotaur Fighter)             Turns: 1595, Time: 00:04:16

HP  -2/47        AC 13     Str 27      XL: 5   Next: 15%
MP   2/2         EV  5     Int  5      God:
Gold 78          SH 20     Dex  9      Spells:  0 memorised,  4 levels left

rFire  . . .     SeeInvis .     a - +0 flail
rCold  . . .     Clarity  .     p - +1 plate armour
rNeg   . . .     Conserve .     c - +0 shield
rPois  .         rCorr    .     (helmet restricted)
rElec  .         rRot     .     (no cloak)
SustAb . .       Spirit   .     (no gloves)
rMut   .         Warding  .     (no boots)
Saprov . . .     Stasis   .     (no amulet)
MR     .....                    (no ring)
                                (no ring)

@: mighty, not resistant to hostile enchantments, extremely unstealthy
A: retaliatory headbutt, horns 2
a: no special abilities


You were on level 3 of the Dungeon.
You were hungry.

You visited 1 branch of the dungeon, and saw 3 of its levels.

You collected 78 gold pieces.

Inventory:

Hand weapons
 a - a +0,+0 flail (weapon)
Armour
 b - a +0 scale mail
 c - a +0 shield (worn)
 h - a +0 chain mail
 p - a +1 plate armour (worn)
Comestibles
 d - 2 bread rations
 j - 2 pears
 k - a choko
 n - 2 chunks of hobgoblin flesh
 r - a meat ration
Scrolls
 g - a scroll of random uselessness {unknown}
 m - 4 scrolls of identify {unknown}
 o - a scroll of noise {unknown}
 s - 2 scrolls of teleportation {unknown}
Jewellery
 l - a cursed amulet of rage {unknown}
 q - an uncursed ring of flight {unknown}
Potions
 f - a potion of flight {unknown}
 i - a potion of magic {unknown}


   Skills:
 * Level 4.7 Fighting
 * Level 3.5 Maces & Flails
 * Level 4.7 Armour
 + Level 1.0 Dodging
 - Level 0.1 Stealth
 + Level 4.5 Shields


You had 4 spell levels left.
You didn't know any spells.

Dungeon Overview and Level Annotations

Branches:
Dungeon (3/15)

Altars:

Annotations:
D:3 Grinder


Innate Abilities, Weirdness & Mutations

You reflexively headbutt those who attack you in melee.
You have a pair of horns on your head.


Message History

Something hits you.
* * * LOW HITPOINT WARNING * * *
You miss something. Something hits you but does no damage.
You miss something. You headbutt something.
Reactivating autopickup.
Your Dodging skill increases to level 1!
You have reached level 5!
You feel a bit more experienced.
The orc priest looks braver.
You block the giant gecko's attack.
The orc priest becomes somewhat translucent.
You sock the giant gecko!
You kill the giant gecko!
You closely miss the goblin.
The orc priest's eyes start to glow.
You block the goblin's attack.
You miss the goblin.
The orc priest calls down the wrath of Beogh upon you.
Something smites you!
You die...

..# # ... .##.##.#
... ... ...=.# #.
#ยง#o# #.# #.)#
###..##
##.########.#
.....###.5og@......#
#....#...##########
#........######
#.%.............
##.......######
#.......# #.[(....#
####.########
#....<...#


You could see Grinder, an orc priest and a goblin.

Vanquished Creatures
  2 orc wizards (D:3)
  Ijyb (D:2)
  Jessica (D:2)
  An orc (D:3)
  4 giant cockroaches
  9 goblins
  13 hobgoblins
  4 kobolds
  A quokka (D:2)
  5 bats
  2 giant geckos
  3 giant newts
  8 jackals
  10 rats
64 creatures vanquished.

Notes
Turn   | Place    | Note
--------------------------------------------------------------
     0 | D:1      | Heini, the Minotaur Fighter, began the quest for the Orb.
     0 | D:1      | Reached XP level 1. HP: 19/19 MP: 1/1
   164 | D:1      | Reached XP level 2. HP: 24/27 MP: 1/1
   317 | D:1      | Reached skill level 4 in Fighting
   711 | D:1      | Reached XP level 3. HP: 33/33 MP: 2/2
   847 | D:2      | Noticed Ijyb
   861 | D:2      | Killed Ijyb
  1061 | D:2      | Reached XP level 4. HP: 37/41 MP: 2/2
  1146 | D:2      | Noticed Jessica
  1154 | D:2      | Killed Jessica
  1569 | D:3      | Noticed Grinder
  1592 | D:3      | Reached skill level 1 in Dodging
  1592 | D:3      | Reached XP level 5. HP: 6/47 MP: 2/2
  1595 | D:3      | Killed from afar by an orc priest

Action                   |  1- 3 |  4- 6 || total
-------------------------+-------+-------++-------
Melee: Flail             |   118 |    53 ||   171
  Use: Potion            |       |     1 ||     1
